 Dungeon Crawl Stone Soup version 0.21-a0-157-gb89e0e2 (webtiles) character file.

111 tsouns the Skirmisher (level 4, 0/35 HPs)
             Began as a Mummy Warper on Aug 4, 2017.
             Slain by an orc
             ... wielding a +2 flail of crushing
              (3 damage)
             ... on level 3 of the Dungeon.
             The game lasted 00:04:37 (2291 turns).

tsouns the Skirmisher (Mummy Warper)                Turns: 2291, Time: 00:04:38

Health: 0/35       AC:  3    Str: 15    XL:     4   Next: 62%
Magic:  8/8        EV: 11    Int: 12    God:
Gold:   138        SH:  0    Dex: 11    Spells: 8/8 levels left

rFire    . . .     SeeInvis .   a - +1 hand axe
rCold    . . .     Gourm    .   (no shield)
rNeg     + + +     Faith    .   b - +0 leather armour
rPois    ∞         Spirit   .   (no helmet)
rElec    .         Reflect  .   (no cloak)
rCorr    .         Harm     .   (no gloves)
MR       .....                  (no boots)
Stlth    +.........             (no amulet)
HPRegen  0.11/turn              k - ring of fire
MPRegen  0.11/turn              (no ring)

@: very slightly contaminated
A: no food or potions, fire vulnerability, cold resistance 1, negative energy
resistance 3, torment resistance, unbreathing
a: no special abilities


You were on level 3 of the Dungeon.
You were not hungry.

You visited 1 branch of the dungeon, and saw 3 of its levels.

You collected 138 gold pieces.

Inventory:

Hand Weapons
 a - a +1 hand axe (weapon)
Missiles
 e - 5 tomahawks of dispersal (quivered)
 g - 53 stones
 i - 37 poisoned needles
 o - 5 tomahawks
Armour
 b - a +0 leather armour (worn)
Jewellery
 k - a ring of fire (left hand)
Wands
 l - a wand of flame (5/48)
 n - a wand of flame (10/48)
Scrolls
 d - a scroll of blinking
 j - a scroll of remove curse
 m - 2 scrolls of immolation
 p - a scroll of identify
Books
 c - a book of Spatial Translocations

   Spells                             Type                      Level
   a - Blink                          Translocation                2
   b - Shroud of Golubria             Charms/Translocation         2
   c - Lesser Beckoning               Translocation                3
   d - Gell's Gravitas                Translocation                3
   e - Teleport Other                 Translocation                3
   f - Passage of Golubria            Translocation                4
 f - a book of Misfortune

   Spells                             Type                      Level
   a - Confusing Touch                Hexes                        1
   b - Confuse                        Hexes                        3
   c - Gell's Gravitas                Translocation                3
   d - Petrify                        Transmutation/Earth          4
   e - Metabolic Englaciation         Hexes/Ice                    5
   f - Yara's Violent Unravelling     Hexes/Transmutation          5


   Skills:
 + Level 3.5 Fighting
 * Level 3.2 Axes
 - Level 0.7 Throwing
 - Level 0.7 Armour
 - Level 1.5 Dodging
 - Level 2.6 Spellcasting
   Level 2.4 Translocations


You had 8 spell levels left.
You didn't know any spells.

Dungeon Overview and Level Annotations

Branches:
Dungeon (3/15)

Altars:
Nemelex Xobeh


Innate Abilities, Weirdness & Mutations

You do not eat or drink.
Your flesh is vulnerable to fire.
You are immune to poison.
Your flesh is cold resistant. (rC+)
You are immune to negative energy. (rN+++)
You are immune to unholy pain and torment.
You can survive without breathing.


Message History

The kobold hits you but does no damage.
A rat comes into view.
The bat barely misses you. The kobold hits you but does no damage.
The bat hits you but does no damage. The rat barely misses you.
You hit the rat.
You kill the rat!
You hit the bat.
You kill the bat!
Found 2 purple potions.
You see here a rat corpse.
The kobold completely misses you.
You hit the kobold.
You kill the kobold!
You hit the orc.
The orc is heavily wounded.
The orc closely misses you.
You hit the orc.
The orc is severely wounded.
The orc hits you with a flail of crushing.
You die...

########
#.....!#
####......#
#....oo@..# # ##
#.###†##### ...
...###.##..# #
#.....##o## #
###.o....o..#
#§..........#
####.#.!.......#
.o..%#####.#.###
###### #.#.#


You could see 2 orcs.

Vanquished Creatures
  Terence (D:2)
  3 adders (D:2)
  A worm (D:2)
  4 dart slugs
  3 leopard geckos
  An orc (D:3)
  4 bats
  4 giant cockroaches
  4 goblins
  4 hobgoblins
  A ball python (D:1)
  5 frilled lizards
  8 kobolds
  7 rats
50 creatures vanquished.

Notes
Turn   | Place    | Note
-------+----------+-------------------------------------------
     0 | D:1      | tsouns the Mummy Warper began the quest for the Orb.
     0 | D:1      | Reached XP level 1. HP: 16/16 MP: 4/4
   218 | D:1      | Reached XP level 2. HP: 21/23 MP: 5/5
   666 | D:1      | Reached XP level 3. HP: 25/28 MP: 7/7
  1402 | D:2      | Noticed Terence
  1411 | D:2      | Killed Terence
  1411 | D:2      | Reached XP level 4. HP: 14/35 MP: 8/8
  1794 | D:2      | Found a sparkling altar of Nemelex Xobeh.
  2291 | D:3      | Slain by an orc

Vault maps used:
D:1:      dpeg_arrival_round_c, minivault_14
D:2:      marbit_many_paths, serial_glass, glass_columns_b, glass_columns_a,
          glass_columns_b, glass_columns_a, glass_columns_b, glass_columns_a,
          glass_columns_b, glass_columns_b, glass_columns_b, glass_columns_c,
          glass_columns_c, glass_columns_a, glass_columns_a, glass_columns_b,
          minmay_statues_item, uniq_terence
D:3:      first_bread, serial_bayou_pond_d, minmay_misc_feat_secret_circle,
          uniq_crazy_yiuf_cottage

Skill      XL: |  1  2  3  4 |
---------------+-------------+-----
Axes           | 2 3 |  3.2
Fighting       | 3 |  3.5
Throwing       | |  0.7
Armour         | |  0.7
Dodging        | |  1.5
Spellcasting   | |  2.6
Translocations | |  2.4

Action                   |  1- 3 |  4- 6 || total
-------------------------+-------+-------++-------
Melee: Hand axe          |   127 |    73 ||   200
Evoke: Wand              |     6 |     1 ||     7
  Use: Scroll            |       |     5 ||     5
Armor: Leather armour    |    30 |    18 ||    48
Dodge: Dodged            |    86 |    54 ||   140
